 Dungeon Crawl Stone Soup version 0.30-a0-840-ga523dec638 (webtiles) character file.

Game seed: 393727282529362491

44 Dittersdorf the Shield-Bearer (level 3, -6/24 HPs)
             Began as a Gargoyle Fighter on Mar 1, 2023.
             Mangled by Crazy Yiuf
             ... wielding a +4 quarterstaff of chaos
              (11 damage)
             ... on level 2 of the Dungeon.
             The game lasted 00:01:41 (1928 turns).

Dittersdorf the Shield-Bearer (Gargoyle Fighter)    Turns: 1928, Time: 00:01:42

Health: -6/24      AC: 12    Str: 21    XL:     3   Next: 60%
Magic:  2/3        EV:  9    Int:  8    God:
Gold:   119        SH:  4    Dex:  9    Spells: 2/2 levels left

rFire   + . .      SeeInvis .    a - +0 flail
rCold   . . .      Faith    .    c - +0 buckler
rNeg    + . .      Spirit   .    b - +0 scale mail
rPois   ∞          Reflect  .    l - +1 helmet of the Nine Xeniums {Rampage rF+ rCorr}
rElec   +          Harm     .    (no cloak)
rCorr   +          Rampage  +    (no gloves)
Will    .....                    (no boots) Stlth
                                 i - amulet of the acrobat
HPRegen 0.24/turn                (no ring)
MPRegen 0.08/turn                (no ring)

@: no status effects
A: sickness immunity, AC +3, negative energy resistance 1, electricity
resistance, torment resistance 1, petrification resistance
a: no special abilities


You were on level 2 of the Dungeon.
You visited 1 branch of the dungeon, and saw 2 of its levels.

You collected 119 gold pieces.

Inventory:

Hand Weapons
 a - a +0 flail (weapon)
Armour
 b - a +0 scale mail (worn)
 c - a +0 buckler (worn)
 l - the +1 helmet of the Nine Xeniums (worn) {Rampage rF+ rCorr}
   (You found it on level 2 of the Dungeon)

   rF:        It protects you from fire.
   rCorr:     It protects you from acid and corrosion.
   Rampage:   It bestows one free step when moving towards enemies.
Jewellery
 i - an amulet of the acrobat (around neck)
Scrolls
 h - a scroll of silence {unknown}
 j - a scroll of teleportation {unknown}
 k - a scroll of magic mapping {unknown}
Potions
 d - a potion of might
 e - a potion of cancellation {unknown}
 f - 2 potions of curing {unknown}
 g - 2 potions of resistance {unknown}


   Skills:
 + Level 3.7 Fighting
 + Level 2.5 Maces & Flails
 + Level 3.7 Armour
 + Level 3.8 Shields


You had 2 spell levels left.
You didn't know any spells.
Your spell library contained the following spells:

 Spells                   Type           Power      Damage    Failure   Level
 Poisonous Vapours        Pois/Air       0%         N/A       92%         2
 Mephitic Cloud           Conj/Pois/Air  0%         N/A       99%         3
 Cigotuvi's Dreadful Rot  Necr/Pois/Air  Unusable   N/A       N/A         2

Dungeon Overview and Level Annotations

Branches:
Dungeon (2/15)

Altars:

Annotations:
D:2 Crazy Yiuf


Innate Abilities, Weirdness & Mutations

You are immune to sickness and miasma.
Your stone body is resilient. (AC +3)
You are immune to poison.
You resist negative energy. (rN+)
You are resistant to electric shocks. (rElec)
You are resistant to unholy torment.
You are immune to petrification.


Message History

There is an open door here.
There is an open door here.
An endoplasm comes into view.
The endoplasm quivers.
An endoplasm is nearby!
The endoplasm freezes you.
You are frozen.
You barely miss the endoplasm.
The endoplasm hits you but does no damage.
You thump the endoplasm!
You kill the endoplasm!
No target in view!
No target in view!
No target in view!
No target in view!
No target in view!
No target in view!
No target in view!
No target in view!
No target in view!
g - 2 yellow potions (gained 1)
There is an open door here.
There is an open door here.
There is a stone staircase leading up here.
Crazy Yiuf shouts!
You open the door. You completely miss Crazy Yiuf.
Crazy Yiuf hits you with a +4 quarterstaff of chaos!
You feel your power leaking away.
You hit Crazy Yiuf.
Crazy Yiuf is lightly wounded.
Crazy Yiuf grits, "Line canine unthinkable!"
Crazy Yiuf hits you with a +4 quarterstaff of chaos!
* * * LOW HITPOINT WARNING * * *
Crazy Yiuf freezes you.
* * * LOW HITPOINT WARNING * * *
You sock Crazy Yiuf!
Crazy Yiuf is heavily wounded.
Crazy Yiuf hits you with a +4 quarterstaff of chaos!
You die...

#####.####...#
...........###
###...###..#
###
......###.##
##### #.#
.###.......#
#)..# #.# .#
#.####.## #...#
#.#
.###......##
... #.#
.....#####.#
#g# #.# ##..##
##..# #@##
#.#### ....#
##>..# ##.#
#....#
...####....#
#.## #.##.#
...(..'....#
##.# #..#.#
...####....#
##.## #>##.#
...# ##...#
##...# #..#.#
...# ##..#
#....# ##.#.#
...# ##.#
#+..+# #....#
..##
##########....#
##.###


You could see Crazy Yiuf.

Vanquished Creatures
  2 dart slugs
  4 bats
  7 endoplasms
  2 giant cockroaches
  3 hobgoblins (D:1)
  4 jackals (D:1)
  A quokka (D:1)
  3 ball pythons (D:1)
  A frilled lizard (D:2)
  5 kobolds
  2 rats
34 creatures vanquished.

Notes
Turn   | Place    | Note
-------+----------+-------------------------------------------
     0 | D:1      | Dittersdorf the Gargoyle Fighter began the quest for the
                  | Orb.
     0 | D:1      | Reached XP level 1. HP: 14/14 MP: 1/1
   122 | D:1      | Reached XP level 2. HP: 19/19 MP: 2/2
   220 | D:1      | Found a faded altar of an unknown god.
   509 | D:1      | Reached XP level 3. HP: 19/23 MP: 3/3
  1337 | D:2      | Found a runed translucent door.
  1338 | D:2      | Noticed Crazy Yiuf
  1516 | D:2      | Identified the +1 helmet of the Nine Xeniums {Rampage rF+
                  | rCorr}
  1928 | D:2      | Mangled by Crazy Yiuf

Illustrated notes

Levels and vault maps discovered:
D:1:      dpeg_arrival_arbitrary_b, layout_loops_corners,
          chequers_ecumenical_altar_island, corner_web_ring, serial_bayou_pond_d
D:2:      layout_loops_corners, uniq_crazy_yiuf_cottage

Action                     || total
---------------------------++-------
  Melee: Flail             ||   115
 Armour: Scale mail        ||    53
  Dodge: Dodged            ||    67
  Block: Buckler           ||    22

Table legend: (Time is in decaauts)
 A = Elapsed time spent in this place.
 B = Non-inter-level travel time spent in this place.
 C = Inter-level travel time spent in this place.
 D = Time resting spent in this place.
 E = Time spent auto-exploring this place.
 F = Levels seen in this place.
 G = Mean time per level.
                   A        B        C        D        E       F      G
               +--------+--------+--------+--------+--------+-----+--------+
         Total |   1970 |   1862 |    108 |      0 |   1558 |   2 |  985.0 |
       Dungeon |   1970 |   1862 |    108 |      0 |   1558 |   2 |  985.0 |
               +--------+--------+--------+--------+--------+-----+--------+

Top non-repeatable levels by time:
     D:1: 1063 daAuts
     D:2: 906 daAuts
